 Dungeon Crawl Stone Soup version 0.29.1-2-gbd0b4ee654 (webtiles) character file.

Game seed: 16835794267290416142

242 zeram the Covert (level 6, 0/39 HPs)
             Began as an Octopode Brigand on Oct 29, 2022.
             Slain by a gnoll
             ... wielding a +0 club
              (5 damage)
             ... on level 4 of the Dungeon.
             The game lasted 00:06:24 (3329 turns).

zeram the Covert (Octopode Brigand)                 Turns: 3329, Time: 00:06:25

Health: 0/39       AC:  1    Str: 10    XL:     6   Next: 9%
Magic:  7/7        EV: 13    Int: 16    God:
Gold:   110        SH:  0    Dex: 13    Spells: 5/7 levels left

rFire   . . .      SeeInvis .   g - +2 dagger (drain)
rCold   . . .      Faith    .   (no shield)
rNeg    . . .      Spirit   .   (helmet restricted)
rPois   .          Reflect  .   (no amulet)
rElec   .          Harm     .   (no ring)
rCorr   .          Rampage  .   (no ring)
Will    .....                   (no ring)
Stlth   +++++.....              (no ring)
HPRegen 0.13/turn               (no ring)
MPRegen 0.10/turn               (no ring)
                                (no ring)
                                (no ring)

@: no status effects
A: almost no armour, amphibious, 8 rings, camouflage 1, gelatinous body 1,
(nimble swimmer 1), tentacles
a: no special abilities


You were on level 4 of the Dungeon.
You visited 1 branch of the dungeon, and saw 4 of its levels.

You collected 110 gold pieces.

Inventory:

Hand Weapons
 a - a +2 dagger
 g - a +2 dagger of draining (weapon)
Missiles
 b - 9 poisoned darts (quivered)
 c - 3 curare-tipped darts
Jewellery
 d - a ring of wizardry
Wands
 h - a wand of charming (2)
 k - a wand of iceblast (8)
Scrolls
 m - a scroll of enchant armour
 n - a scroll of teleportation {unknown}
Potions
 e - a potion of cancellation {unknown}
 f - a potion of lignification
 i - 2 potions of curing
 j - 2 potions of degeneration {unknown}
 l - a potion of heal wounds


   Skills:
 - Level 2.0 Fighting
 + Level 3.0 Short Blades
 - Level 2.0 Throwing
 + Level 1.7 Dodging
 + Level 8.2 Stealth
 * Level 1.0 Spellcasting
 * Level 1.2 Hexes
 * Level 1.1 Ice Magic


You had 5 spell levels left.
You knew the following spells:

 Your Spells              Type           Power      Damage    Failure   Level
a - Ensorcelled Hibernat  Hex/Ice        8%         N/A       22%         2

Your spell library contained the following spells:

 Spells                   Type           Power      Damage    Failure   Level
 Summon Small Mammal      Summ           0%         N/A       22%         1
 Passwall                 Tmut/Erth      0%         N/A       34%         2
 Summon Guardian Golem    Hex/Summ       2%         N/A       47%         3
 Call Canine Familiar     Summ           0%         N/A       56%         3
 Swiftness                Air            0%         N/A       56%         3


Dungeon Overview and Level Annotations

Branches:
Dungeon (4/15)
 Temple: D:4-7

Altars:

Shops:
D:2 =

Annotations:
D:3 2 transporters, RobertJustice1's ghost, amateur DjGl


Innate Abilities, Weirdness & Mutations

You cannot wear most types of armour.
You are amphibious.
You can wear up to eight rings at the same time.
Your skin changes colour to match your surroundings (Stealth+).
Your rubbery body absorbs attacks. (AC +1, EV +1)
((You are camouflaged when in or above water. (Stealth+)))
You have tentacles for arms and can constrict up to eight enemies at once.


Message History

Okay, then.
Key pressed, stopping explore.
A gnoll comes into view. It is wielding a +0 flail.
A gnoll is nearby!
A gnoll is nearby!
A gnoll is nearby!
A gnoll is nearby!
Things that are here:
a +0 dagger; a +0 robe; an orc corpse A gnoll comes into view.
It is wielding a +0 halberd.
A gnoll comes into view. It is wielding a +0 club.
A gnoll comes into view. It is wielding a +0 spear.
The gnoll shouts! x2
Items here: $ ) ? [ †.
The gnoll hits you from afar with a +0 halberd.
You hit the gnoll. Your grab misses the gnoll.
You squeeze the gnoll, but do no damage.
The gnoll is lightly wounded.
The gnoll hits you from afar with a +0 halberd!
The gnoll misses you. The gnoll hits you with a +0 flail!
You are too injured to fight recklessly!
You are too injured to fight recklessly!
You are too injured to fight recklessly!
You are too injured to fight recklessly!
Unknown command.
Okay, then.
The gnoll attacks as you move away! The gnoll closely misses you.
Items here: $ ) ? [ †.
The gnoll attacks as you move away! The gnoll closely misses you.
Things that are here:
a +0 dagger; a +0 robe; an orc corpse The gnoll attacks as you move away!
The gnoll closely misses you.
Things that are here:
a +0 club; a +0 scale mail; an orc corpse The gnoll attacks as you move away!
The gnoll hits you with a +0 club!
* * * LOW HITPOINT WARNING * * *
The gnoll attacks as you move away! The gnoll misses you.
The gnoll attacks as you move away! The gnoll barely misses you.
The gnoll attacks as you move away! The gnoll hits you with a +0 club.
You die...

........# #... .......g###
#.... ........).#######...#
#######
.......##.g))##....#
#.....##
.......#####g......#
#......## ......##
##........# #.......##
......# #....g....##
#.......†# .....##
#.....g....# #...<.....
.....# #.......@...#
#......... ....##
#.........>..# #.........
....# #.............#
#......... ...##
#...............##.........
..##
#.............#.##.....)..#
..#
.............##.#........#
.##
.............#..........#
## ............##........##
##.......#


You could see 4 gnolls.

Vanquished Creatures
  A necrophage (D:4)
  A hound (D:3)
  An orc wizard (D:4)
  3 adders
  2 worms (D:2)
  2 dart slugs
  8 orcs
  6 ball pythons
  5 bats
  5 endoplasms
  A giant cockroach (D:3)
  7 goblins
  7 hobgoblins
  12 jackals
  3 quokkas
  3 frilled lizards
  5 kobolds
  6 rats
78 creatures vanquished.

Notes
Turn   | Place    | Note
-------+----------+-------------------------------------------
     0 | D:1      | zeram the Octopode Brigand began the quest for the Orb.
     0 | D:1      | Reached XP level 1. HP: 14/14 MP: 1/1
   114 | D:1      | Reached XP level 2. HP: 14/19 MP: 2/2
   298 | D:1      | Reached skill level 6 in Stealth
   524 | D:1      | Reached XP level 3. HP: 24/24 MP: 3/3
   786 | D:1      | Found a faded altar of an unknown god.
  1195 | D:2      | Found Foziuz's Jewellery Emporium.
  1260 | D:2      | Reached skill level 7 in Stealth
  1561 | D:2      | Reached XP level 4. HP: 14/29 MP: 4/4
  2247 | D:2      | Learned a level 2 spell: Ensorcelled Hibernation
  2667 | D:3      | Found a transporter.
  2670 | D:3      | Noticed RobertJustice1's ghost (amateur DjGl)
  2713 | D:3      | Reached XP level 5. HP: 24/34 MP: 5/5
  2850 | D:3      | Found a transporter.
  3076 | D:4      | Reached skill level 8 in Stealth
  3076 | D:4      | Reached skill level 1 in Hexes
  3136 | D:4      | Reached skill level 1 in Spellcasting
  3136 | D:4      | Reached skill level 1 in Ice Magic
  3136 | D:4      | Reached XP level 6. HP: 27/39 MP: 7/7
  3329 | D:4      | Slain by a gnoll

Illustrated notes

Levels and vault maps discovered:
D:1:      dpeg_arrival_round_b, layout_basic, ebering_ecumenical_altar_rust
D:2:      layout_loops_ring, serial_shops, shop, nicolae_figureground_pulse
D:3:      layout_rooms, gammafunk_ghost_mausoleum
D:4:      minmay_opposing_rooms, layout_cave_pods

Skill      XL: |  1  2  3  4  5 |
---------------+----------------+-----
Stealth        | 6 7 8 |  8.2
Hexes          | 1 |  1.2
Short Blades   | 3 |  3.0
Spellcasting   | 1 |  1.0
Ice Magic      | 1 |  1.1
Fighting       | |  2.0
Throwing       | |  2.0
Dodging        | |  1.7

Action                   |  1- 3 |  4- 6 || total
-------------------------+-------+-------++-------
Melee: Dagger            |    64 |    62 ||   126
       Punch             |     2 |     1 ||     3
       Tentacles         |    13 |     9 ||    22
       Constrict         |    11 |    15 ||    26
  Use: Scroll            |     4 |     6 ||    10
       Potion            |     1 |       ||     1
 Stab: Sleeping          |    19 |    12 ||    31
       Distracted        |       |     1 ||     1
Armor: Skin              |     8 |     1 ||     9
Dodge: Dodged            |    43 |    37 ||    80
